 Dungeon Crawl Stone Soup version 0.21-a0-531-gacddea6 (webtiles) character file.

96 slep the Chopper (level 4, 0/23 HPs)
             Began as a Vine Stalker Gladiator on Dec 13, 2017.
             Slain by a howler monkey (6 damage)
             ... on level 3 of the Dungeon.
             The game lasted 00:04:26 (1199 turns).

slep the Chopper (Vine Stalker Gladiator)           Turns: 1199, Time: 00:04:26

Health: 0/23       AC:  4    Str: 17    XL:     4   Next: 67%
Magic:  0/5        EV: 13    Int:  8    God:
Gold:   131        SH:  0    Dex: 16    Spells: 3/3 levels left

rFire    . . .     SeeInvis .   a - +0 war axe
rCold    . . .     Gourm    .   (no shield)
rNeg     . . .     Faith    .   b - +0 leather armour
rPois    .         Spirit   +   c - +0 helmet
rElec    .         Reflect  .   (no cloak)
rCorr    .         Harm     .   (no gloves)
MR       .....                  (no boots)
Stlth    ++........             (no amulet)
HPRegen  0.47/turn              m - ring of flight
MPRegen  0.09/turn              (no ring)

@: no status effects
A: fangs 2, regeneration 1, magic shield, antimagic bite, no potion heal 3, rot
immunity
a: Evoke Flight


You were on level 3 of the Dungeon.
You were very hungry.

You visited 1 branch of the dungeon, and saw 4 of its levels.

You collected 131 gold pieces.

Inventory:

Hand Weapons
 a - a +0 war axe (weapon)
Missiles
 d - 3 throwing nets (quivered)
Armour
 b - a +0 leather armour (worn)
 c - a +0 helmet (worn)
Jewellery
 m - a ring of flight (left hand)
Scrolls
 e - 3 scrolls of teleportation {unknown}
 g - 2 scrolls of enchant armour {unknown}
 h - 3 scrolls of fear {unknown}
 i - a scroll of remove curse {unknown}
 k - a scroll of immolation {unknown}
Potions
 j - a potion of invisibility {unknown}
 l - a potion of heal wounds {unknown}
Comestibles
 f - 5 bread rations
 n - 4 fruits


   Skills:
 + Level 2.2 Fighting
 + Level 3.9 Axes
 + Level 1.8 Throwing
 + Level 0.4 Armour
 + Level 3.0 Dodging
 + Level 1.0 Stealth


You had 3 spell levels left.
You didn't know any spells.

Dungeon Overview and Level Annotations

Branches:
Dungeon (4/15)
 Temple: D:4-7

Altars:
Cheibriados


Innate Abilities, Weirdness & Mutations

You have extremely sharp teeth.
Your natural rate of healing is unusually fast.
When hurt, damage is shared between your health and your magic reserves.
Your bite disrupts and absorbs the magic of your enemies.
Potions cannot restore your health.
You are immune to rotting.


Message History

The howler monkey completely misses you.
The iguana misses you.
You climb upwards.
There is a stone staircase leading down, spattered with blood here.
You barely miss the howler monkey. Your bite misses the howler monkey.
You hit the iguana but do no damage. The howler monkey hits you.
The iguana bites you.
You slash the howler monkey! Your bite misses the howler monkey.
The howler monkey is heavily wounded.
You hit the iguana.
You are feeling very hungry.
The howler monkey hoots and howls with incredible vigour!
The iguana bites you!
* * * LOW HITPOINT WARNING * * *
The howler monkey hits you but does no damage.
You closely miss the howler monkey.
The howler monkey is heavily wounded.
You slash the iguana! The howler monkey misses you.
The iguana barely misses you. The howler monkey hits you.
You die...

.....# #........ .....# #^.......
.....# ##### #........ .....#
#...# #........ .....# #...#
#.##'####
.....###########...######.##.####
.†...'.........'...'........<....
.....###########l[.#######..###.#
.....##.......##@h.## #..# #.#
####.##......(##....# #..# #.#
#...##.......##....######..###.#
##.#.#######'###....#...##......#
.......#####)........)..##.......
............<......#....##.######
#############......#....##.#
#÷.....##...##.# #......##...##.#


You could see a howler monkey and an iguana.

Vanquished Creatures
  A howler monkey (D:3)
  An ooze (D:2)
  4 worms
  2 dart slugs
  2 orcs
  A ball python (D:1)
  3 bats (D:1)
  6 giant cockroaches
  3 goblins
  2 hobgoblins
  2 jackals (D:3)
  2 frilled lizards
  2 kobolds
  3 rats (D:1)
34 creatures vanquished.

Notes
Turn   | Place    | Note
-------+----------+-------------------------------------------
     0 | D:1      | slep the Vine Stalker Gladiator began the quest for the Orb.
     0 | D:1      | Reached XP level 1. HP: 11/11 MP: 2/2
   158 | D:1      | Reached XP level 2. HP: 6/15 MP: 3/3
   422 | D:2      | Found a snail-covered altar of Cheibriados.
   473 | D:2      | Reached XP level 3. HP: 3/18 MP: 1/4
  1113 | D:4      | Noticed an ogre
  1152 | D:3      | Reached skill level 1 in Stealth
  1152 | D:3      | Gained mutation: Your natural rate of healing is unusually fast. [Vine Stalker growth]
  1152 | D:3      | Reached XP level 4. HP: 1/23 MP: 1/5
  1199 | D:3      | Slain by a howler monkey

Vault maps used:
D:1:      lightli_arrival_isolated_outpost, nrook_mini_vaults
D:2:      kennysheep_slug_shrine
D:3:      first_bread
D:4:      grunt_gozag_breadcrumbs, temple_doors_e

Skill      XL: |  1  2  3 |
---------------+----------+-----
Axes           | 3 |  3.9
Fighting       | 2 |  2.2
Dodging        | 3 |  3.0
Stealth        | 1 |  1.0
Throwing       | |  1.8
Armour         | |  0.4

Action                   |  1- 3 |  4- 6 || total
-------------------------+-------+-------++-------
Melee: War axe           |    80 |     4 ||    84
       Bite              |    23 |       ||    23
 Stab: Sleeping          |     2 |       ||     2
Armor: Leather armour    |    20 |     2 ||    22
Dodge: Dodged            |    54 |     6 ||    60

Table legend:
 A = Spawn XP
 B = Non-spawn XP
 C = Spawn XP percentage of total XP
 D = Spawn monster count
 E = Non-spawn monster count
 F = Spawn count percentage of total count
 G = Total turns spent on level
                    A         B        C        D         E        F      G
               +---------+---------+-------+---------+---------+-------+---------
         Total |       0 |     138 |   0.0 |       0 |      34 |   0.0 |  1199
               +---------+---------+-------+---------+---------+-------+---------
           D:1 |       0 |      22 |   0.0 |       0 |      14 |   0.0 |   385
           D:2 |       0 |      34 |   0.0 |       0 |      11 |   0.0 |   380
           D:3 |       0 |      82 |   0.0 |       0 |       9 |   0.0 |   421
               +---------+---------+-------+---------+---------+-------+---------
